Map: Acropolis LE

Players

Mez - Winner!

  • Race: Terran Terran
  • League: Master
  • Spawn Location: 5:00

Tutu

  • Race: Terran Terran
  • League: Master
  • Spawn Location: 11:00

VOD

Have the link to the VOD?

Description

Time

  • Played on: Aug. 12, 2019, 12:29 p.m.
  • Length: 14:32
Show
View Real Time Build Order
Export as new Build Order

Mez Terran - Winner!

Build Orders: Gas First Reaper Expand 

Get SALT Encoding   

  12  0:01  SCV  
  13  0:13  SCV  
  14  0:18  Supply Depot  
  14  0:25  SCV  
  14  0:28  Refinery  
  15  0:39  SCV  
  16  0:46  Barracks  
  16  0:52  SCV  
  17  1:04  SCV  
  18  1:16  SCV  
  19  1:33  Reaper, Orbital Command  
  20  1:47  Command Center  
  20  1:59  SCV  
  20  2:01  Factory  
  21  2:09  Barracks Reactor  
  21  2:10  Supply Depot  
  21  2:14  SCV  
  22  2:26  SCV  
  22  2:38  SCV  
  22  2:55  Marine  
  22  2:56  Marine  
  22  2:57  Hellion  
  25  3:03  SCV  
  26  3:09  Starport  
  25  3:17  Marine x2  
  25  3:19  Factory Tech Lab  
  27  3:28  SCV  
  27  3:31  Refinery  
  27  3:33  Supply Depot  
  28  3:36  Marine x2  
  30  3:50  Cyclone  
  30  3:52  Starport Tech Lab  
  30  3:53  Orbital Command  
  30  3:54  Refinery  
  30  4:11  SCV  
  30  4:12  Marine  
  30  4:13  Marine  
  33  4:24  SCV  
  34  4:30  SCV, Supply Depot  
  35  4:35  Command Center  
  35  4:36  SCV  
  36  4:43  SCV  
  37  4:46  Marine x2  
  37  4:48  SCV  
  37  4:53  Siege Tank  
  37  4:58  Raven  
  42  5:04  Marine x2  
  35  5:21  Marine  
  35  5:22  Marine  
  35  5:25  Siege Tank  
  29  5:44  Marine x2  
  24  5:57  Viking, Siege Tank  
  24  6:02  SCV x2, Marine x2  
  33  6:14  SCV x2  
  35  6:22  Marine x2  
  37  6:26  SCV  
  37  6:27  SCV  
  37  6:39  SCV x2  
  37  6:43  Marine x2  
  37  6:47  Siege Tank  
  42  6:48  Raven  
  42  6:51  SCV x2  
  46  7:01  Marine x2  
  46  7:03  SCV  
  47  7:11  SCV, Orbital Command  
  47  7:15  SCV  
  49  7:19  Marine x2  
  51  7:23  SCV  
  51  7:27  SCV  
  53  7:35  Raven  
  53  7:36  SCV  
  55  7:39  SCV  
  55  7:48  SCV  
  56  7:51  SCV  
  56  7:57  Marine x2  
  57  8:10  Siege Tank  
  60  8:13  SCV, Barracks  
  60  8:14  SCV  
  60  8:15  Engineering Bay, Barracks  
  60  8:16  SCV  
  60  8:18  Engineering Bay, Refinery  
  65  8:26  SCV  
  64  8:30  SCV x2  
  64  8:32  Stimpack  
  64  8:34  Medivac x2  
  70  8:35  Marine  
  71  8:41  Supply Depot  
  71  8:43  Supply Depot  
  71  8:46  Supply Depot  
  71  8:48  Terran Infantry Armor Level 1, Terran Infantry Weapons Level 1  
  71  9:04  Viking  
  73  9:16  Barracks Reactor x2  
  73  9:22  SCV x2, Barracks  
  73  9:23  Supply Depot  
  76  9:24  Orbital Command, Supply Depot  
  76  9:25  Barracks  
  73  9:34  SCV, Marine  
  72  9:42  Viking x2  
  72  9:44  SCV  
  76  9:46  SCV  
  76  9:52  Marine  
  74  9:55  SCV  
  74  9:56  SCV  
  74  9:58  SCV  
  77  10:07  SCV  
  77  10:08  SCV  
  77  10:10  SCV, Marine x5  
  77  10:13  Barracks Reactor  
  77  10:14  Barracks Reactor  
  85  10:19  Siege Tank, SCV  
  85  10:20  SCV, Medivac  
  85  10:21  Medivac  
  94  10:22  SCV  
  94  10:27  Marine  
  94  10:28  Marine x3  
  99  10:31  SCV  
  99  10:32  SCV, Combat Shield  
  101  10:37  Armory  
  101  10:38  SCV, Supply Depot  
  101  10:41  Supply Depot  
  102  10:47  Marine x4  
  102  10:48  Marine  
  107  10:55  Marine x4  
  111  10:57  SCV x2  
  111  10:58  SCV  
  114  11:05  Marine x3  
  117  11:14  Marine x6  
  117  11:15  Siege Tank  
  126  11:19  Supply Depot  
  126  11:21  Supply Depot  
  126  11:22  Supply Depot  
  126  11:23  Marine  
  127  11:31  Marine x2  
  127  11:32  Marine x4  
  133  11:40  Missile Turret x2  
  133  11:41  Medivac x2  
  133  11:42  Marine x2  
  133  11:43  SCV x3  
  133  11:44  Missile Turret  
  133  11:45  Missile Turret  
  142  11:47  Siege Tank  
  128  12:02  Marine  
  128  12:03  Marine x8  
  128  12:17  SCV x3  
  128  12:18  Missile Turret  
  128  12:20  Marine x6  
  128  12:21  Marine  
  138  12:23  Marine x2  
  140  12:38  Marine  
  140  12:39  Marine  
  140  12:40  Marine x5  
  140  12:43  Siege Tank  
  141  13:00  Marine x5  
  146  13:10  Medivac x2  
  150  13:15  Siege Tank  
  150  13:17  Factory  
  146  13:42  Marine x9  
  146  13:46  Medivac x2  
  153  13:51  Refinery, Command Center, Starport  
  153  13:52  Starport  
  153  13:53  Refinery  
  147  14:00  Marine  
  141  14:13  Marine x8  
  141  14:16  Factory Tech Lab  
Show
View Real Time Build Order
Export as new Build Order

Tutu Terran 

Build Orders: 1/1/1, Cyclone Opening 

Get SALT Encoding   

  12  0:02  SCV  
  13  0:14  SCV  
  13  0:19  Supply Depot  
  14  0:26  SCV  
  15  0:28  Refinery  
  15  0:40  SCV  
  16  0:44  Barracks  
  16  0:52  SCV  
  16  0:55  Refinery  
  17  1:04  SCV  
  18  1:16  SCV  
  19  1:31  Orbital Command  
  19  1:32  Reaper  
  20  1:35  Factory  
  20  1:44  Supply Depot  
  20  1:57  SCV  
  21  2:06  Barracks Reactor  
  21  2:09  SCV  
  22  2:19  Factory Tech Lab  
  22  2:20  Starport  
  22  2:23  SCV  
  22  2:27  Supply Depot  
  23  2:36  SCV  
  24  2:38  Cyclone  
  25  2:50  SCV  
  26  2:57  Marine  
  26  2:58  Marine  
  26  3:02  SCV  
  26  3:14  SCV  
  26  3:15  Siege Tank  
  26  3:19  Marine x2  
  32  3:21  Viking  
  32  3:26  SCV  
  35  3:31  Supply Depot  
  35  3:37  Marine x2  
  35  3:39  SCV  
  38  3:51  SCV  
  38  3:53  Siege Tank  
  42  3:56  Starport Tech Lab  
  39  4:10  Marine  
  39  4:11  Marine  
  39  4:12  SCV  
  40  4:18  Raven  
  40  4:24  SCV  
  40  4:28  Marine x2  
  40  4:30  Siege Tank  
  46  4:34  Supply Depot  
  43  4:53  SCV  
  43  4:55  Command Center  
  43  4:58  Marine x2  
  44  5:14  Siege Tank  
  44  5:15  SCV, Marine  
  44  5:16  Marine  
  44  5:20  Barracks  
  50  5:27  SCV  
  51  5:33  Marine x2  
  49  5:47  SCV  
  47  5:53  Marine x2  
  47  5:54  Siege Tank  
  49  5:59  SCV  
  46  6:09  Orbital Command  
  46  6:11  Marine x2  
  46  6:12  Barracks Tech Lab  
  48  6:19  Barracks  
  48  6:20  SCV  
  49  6:29  Marine x2  
  49  6:32  SCV  
  51  6:40  Marine  
  51  6:43  Stimpack  
  51  6:44  Raven, SCV  
  51  6:45  Siege Tank  
  51  6:47  Marine  
  58  6:48  SCV  
  58  6:50  Marine  
  58  6:53  Engineering Bay  
  61  6:56  SCV  
  61  6:57  Supply Depot  
  61  6:58  Marine  
  61  7:00  SCV  
  61  7:04  Marine  
  61  7:07  Marine  
  60  7:10  SCV  
  60  7:14  Command Center  
  61  7:19  Barracks Reactor  
  61  7:22  Refinery, SCV  
  62  7:25  Cloaking Field  
  62  7:26  Marine, Banshee  
  62  7:27  Marine  
  67  7:38  Marine  
  67  7:42  SCV x2  
  70  7:44  Marine  
  70  7:48  Terran Infantry Weapons Level 1  
  71  7:52  Engineering Bay  
  71  7:54  SCV x2  
  71  7:57  Barracks  
  71  7:58  Barracks  
  63  8:05  Marine x2  
  63  8:09  Marine  
  63  8:11  Siege Tank  
  66  8:13  SCV x2  
  66  8:17  Marine x2  
  70  8:23  Terran Infantry Armor Level 1, Marine x2  
  70  8:25  SCV x2  
  74  8:27  Marine  
  75  8:35  Marine x2  
  75  8:37  SCV x2  
  75  8:40  Banshee  
  75  8:41  Marine x2  
  82  8:45  Marine  
  85  8:49  Barracks Reactor, SCV  
  85  8:50  Barracks Reactor  
  85  8:53  Marine x2  
  88  8:59  Marine x2  
  88  9:03  Marine  
  85  9:11  Marine  
  85  9:14  Marine  
  85  9:15  Siege Tank  
  85  9:17  Marine x2  
  82  9:21  Marine  
  85  9:25  Banshee  
  85  9:26  SCV  
  85  9:27  SCV  
  85  9:28  Marine  
  85  9:30  Marine  
  85  9:31  Marine  
  93  9:52  Marine x3  
  93  10:00  Orbital Command, Supply Depot x2  
  93  10:20  Supply Depot  
  93  10:21  Marine x8, Supply Depot  
  93  10:22  Siege Tank, SCV x2, Marine  
  93  10:27  Supply Depot x2  
  107  10:29  Starport  
  107  10:35  Armory  
  107  10:38  Combat Shield  
  107  10:39  Marine x2  
  107  10:41  Marine x6  
  115  10:45  Marine  
  116  10:50  Banshee  
  119  10:57  Marine x2  
  119  10:59  SCV x2, Marine x3  
  126  11:07  Factory, Refinery x2, Marine x2  
  126  11:08  Marine  
  126  11:09  Factory, Marine  
  130  11:11  SCV  
  130  11:17  Marine x5  
  136  11:18  Starport Reactor  
  136  11:20  SCV  
  136  11:22  Terran Infantry Weapons Level 2  
  136  11:23  SCV  
  138  11:34  Marine x3  
  141  11:40  Command Center  
  141  11:42  Marine, Supply Depot  
  141  11:44  Supply Depot  
  95  12:05  Marine x7  
  95  12:06  Marine x2  
  95  12:07  Siege Tank, Factory Tech Lab x2  
  99  12:15  SCV  
  99  12:16  SCV  
  95  12:22  Marine  
  95  12:23  Marine x3  
  95  12:26  Medivac x2  
  95  12:28  Medivac  
  105  12:31  Marine  
  105  12:32  Marine x2  
  105  12:36  Marine x2  
  110  12:39  Siege Tank  
  110  12:40  Siege Tank x2, Marine x2  
  120  12:52  Marine x4  
  120  12:56  Medivac x2  
  121  13:08  Marine x5  
  121  13:09  Marine, Medivac  
  121  13:11  Siege Tank  
  121  13:12  Siege Tank  
  132  13:22  Marine x3  
  132  13:26  Marine  
  132  13:27  Marine x4  
  134  13:29  Marine  
  137  13:40  Marine  
  111  13:50  Marine x4  
  105  13:56  Marine x2  
  105  13:58  Marine  
  105  13:59  Siege Tank  
  113  14:07  Marine  
  109  14:12  Marine x2  
  109  14:14  Marine  
Tags
 
Add a new tag
Caveats
  • Supply blocks, unpowered buildings, or Contaminate may cause inaccurate times.
  • Supply counts are checked every 10 seconds.